 Dungeon Crawl Stone Soup version 0.31-a0-149-g3fdcc5976a (webtiles) character file.

Game seed: 8683575259973600526

36 comborobin the Sneak (level 3, -7/24 HPs)
             Began as a Gargoyle Delver on June 8, 2023.
             Was an Initiate of Cheibriados.
             Mangled by Duvessa
             ... wielding a +0 short sword
              (8 damage)
             ... on level 5 of the Dungeon.
             The game lasted 00:01:36 (397 turns).

comborobin the Sneak (Gargoyle Delver)               Turns: 397, Time: 00:01:36

Health: -7/24      AC:  9    Str: 18    XL:     3   Next: 37%
Magic:  3/3        EV: 11    Int: 11    God:    Cheibriados [......]
Gold:   46         SH:  0    Dex: 12    Spells: 2/2 levels left

rFire   . . .        a - +0 mace
rCold   . . .        (no shield)
rNeg    + . .        d - +0 ring mail
rPois   ∞            (no helmet)
rElec   +            (no cloak)
rCorr   .            (no gloves)
SInv    .            h - +0 pair of boots
Will    .....        (no amulet)
Stlth   ++           (no ring)
HPRegen 0.24/turn    (no ring)
MPRegen 0.08/turn

%: no passive effects
@: very slow
A: sickness immunity, AC +3, negative energy resistance 1, electricity
resistance, torment resistance 1, petrification resistance
a: Renounce Religion


You were on level 5 of the Dungeon.
You worshipped Cheibriados.
Cheibriados was noncommittal.
You visited 2 branches of the dungeon, and saw 4 of its levels.

You collected 46 gold pieces.

Inventory:

Hand Weapons
 a - a +0 mace (weapon)
Armour
 b - a +0 leather armour
 d - a +0 ring mail (worn)
 h - a +0 pair of boots (worn)
Wands
 g - a wand of digging (2)
Scrolls
 c - a scroll of fog
Potions
 f - a potion of haste


   Skills:
 - Level 3.6 Fighting
 * Level 2.5 Maces & Flails
 + Level 0.1 Armour
 - Level 2.0 Dodging
 - Level 5.7 Stealth


You had 2 spell levels left.
You didn't know any spells.
Your spell library was empty.

Dungeon Overview and Level Annotations

Branches:
Dungeon (6/15)             Temple (1/1) D:5

Altars:
Ashenzari
Cheibriados
Fedhas
Gozag
Kikubaaqudgha
Nemelex Xobeh
Okawaru
Qazlal
Ru
Sif Muna
Trog
Uskayaw
Vehumet
Wu Jian
Xom
Yredelemnul
Zin
The Shining One

Annotations:
D:5 1 runed translucent door, Dowan; Duvessa; pigah's ghost, novice OpWn


Innate Abilities, Weirdness & Mutations

You are immune to sickness and miasma.
Your stone body is resilient. (AC +3)
You are immune to poison.
You resist negative energy. (rN+)
You are resistant to electric shocks. (rElec)
You are resistant to unholy torment.
You are immune to petrification.


Message History

You finish putting on your +0 pair of boots.
You start resting.
HP restored.
Pigah's ghost turns its malevolent gaze towards you.
Found a runed translucent door.
You now have 36 gold pieces (gained 17).
There is a stone staircase leading down here.
You now have 46 gold pieces (gained 10).
Duvessa and Dowan come into view.
Dowan is wielding a +2 dagger of speed and wearing a +1 robe of willpower.
Dowan shouts!
Duvessa shouts!
Dowan gestures at you while chanting.
The puff of frost hits you but does no damage.
There are monsters nearby!
Okay, then.
It was a potion of cancellation.
You feel magically purged.
Okay, then.
Okay, then.
You don't know any spells.
Okay, then.
You barely miss Dowan. Dowan barely misses you.
You barely miss Duvessa. You hit Duvessa but do no damage.
Duvessa hits you with a +0 short sword!
You hit Dowan but do no damage. Dowan hits you but does no damage.
Duvessa closely misses you. Dowan casts a spell at you.
The puff of flame hits you.
You closely miss Dowan. Duvessa hits you with a +0 short sword.
Dowan hits you but does no damage. Dowan closely misses you.
Duvessa hits you with a +0 short sword.
* * * LOW HITPOINT WARNING * * *
You barely miss Duvessa. You punch Duvessa, but do no damage.
Dowan closely misses you. Duvessa completely misses you.
Dowan smirks and points a slender finger.
Dowan barely misses you.
You hit Dowan but do no damage.
Dowan hits you with a +2 dagger of speed.
* * * LOW HITPOINT WARNING * * *
Duvessa hits you with a +0 short sword!
You die...

.#.####....##...
.#........##.....##..#
.#.####...#⌠.?♣!.⌠#..##
..># #...##.....##...#
.#.# #....##...##...#
>#.######...##W##...#.#
.#.##........###.....#
..........#.......#
......###.#....e@#
...........#####e#
.........##### .##
###.#..).#...#.. #
#...#..#.>.##.
#..##.##...##. ...
...#.#.##.# ## .#.
#...#..# #.>.#..#


You could see Duvessa, Dowan and pigah's ghost.

Vanquished Creatures
  A hound (D:5)
  3 orcs (D:5)
4 creatures vanquished.

Notes
Turn   | Place    | Note
-------+----------+-------------------------------------------
     0 | D:5      | comborobin the Gargoyle Delver began the quest for the Orb.
     0 | D:5      | Reached XP level 1. HP: 14/14 MP: 1/1
     1 | D:6      | Noticed an ogre
     4 | D:5      | Found a staircase to the Ecumenical Temple.
     9 | Temple   | Entered the Ecumenical Temple
    97 | Temple   | Became a worshipper of Cheibriados the Contemplative
   109 | D:5      | Noticed a hound
   119 | D:6      | Noticed a howler monkey
   131 | D:6      | Noticed an iguana
   133 | D:6      | Noticed a scorpion
   164 | D:4      | Noticed an orc priest
   165 | D:4      | Noticed an orc priest
   176 | D:5      | Killed a hound
   177 | D:5      | Reached XP level 2. HP: 4/20 MP: 2/2
   177 | D:5      | Reached XP level 3. HP: 5/24 MP: 3/3
   361 | D:5      | Noticed pigah's ghost (novice OpWn)
   362 | D:5      | Found a runed translucent door.
   389 | D:5      | Noticed Duvessa
   389 | D:5      | Noticed Dowan
   397 | D:5      | HP: 1/24 [Dowan/+2 dagger of speed (5)]
   397 | D:5      | Mangled by Duvessa

Illustrated notes

Levels and vault maps discovered:
D:4:      layout_basic
D:5:      layout_loops_ring, minmay_temple_entry_from_below_a,
          hellmonk_ghost_happy_afterlife, minmay_misc_feat_chi,
          uniq_crazy_yiuf_cottage, uniq_pikel, uniq_duvessa
D:6:      lemuel_insect_pit, layout_cave_pools, elyvilon_altar_1,
          nicolae_specific_store, st_stairs_9, minivault_4, uniq_menkaure,
          uniq_blork_the_orc
Temple:   dpeg_three_leaves_temple

Skill      XL: |  1 |
---------------+----+-----
Dodging        | 2 |  2.0
Fighting       | |  3.6
Maces & Flails | |  2.5
Armour         | |  0.1
Stealth        | |  5.7

Action                     || total
---------------------------++-------
  Melee: Mace              ||    36
         Punch             ||     1
  Evoke: Wand              ||     1
    Use: Scroll            ||     2
         Potion            ||     1
 Armour: Leather armour    ||    11
         Ring mail         ||     7
  Dodge: Dodged            ||    35

Table legend: (Time is in decaauts)
 A = Elapsed time spent in this place.
 B = Non-inter-level travel time spent in this place.
 C = Inter-level travel time spent in this place.
 D = Time resting spent in this place.
 E = Time spent auto-exploring this place.
 F = Levels seen in this place.
 G = Mean time per level.
                   A        B        C        D        E       F      G
               +--------+--------+--------+--------+--------+-----+--------+
         Total |    443 |    403 |     40 |     96 |     96 |   4 |  110.8 |
       Dungeon |    342 |    336 |      6 |     96 |     40 |   3 |  114.0 |
        Temple |    101 |     67 |     34 |      0 |     56 |   1 |  101.0 |
               +--------+--------+--------+--------+--------+-----+--------+

Top non-repeatable levels by time:
     D:5: 279 daAuts
  Temple: 101 daAuts
     D:6: 58 daAuts
     D:4: 4 daAuts
